 Dungeon Crawl Stone Soup version 0.28.0-45-g0d030f2227 (webtiles) character file.

Game seed: 1211814380658382124

10255 MisterFreud the Protected (level 11, 0/97 HPs)
             Began as a Naga Fighter on Apr 24, 2022.
             Was a High Priest of Okawaru.
             Slain by Snorg (4 damage)
             ... on level 10 of the Dungeon.
             The game lasted 00:19:48 (12069 turns).

MisterFreud the Protected (Naga Fighter)           Turns: 12069, Time: 00:19:48

Health: 0/97       AC: 38    Str: 24    XL:     11   Next: 59%
Magic:  17/17      EV:  5    Int: 14    God:    Okawaru [*****.]
Gold:   421        SH:  5    Dex: 13    Spells: 10/10 levels left

rFire   . . .      SeeInvis +   C - +2 trident (protect)
rCold   + . .      Faith    +   c - +0 buckler
rNeg    + . .      Spirit   .   u - +15 plate armour of Odiriz {rElec rC+ Str+3}
rPois   +          Reflect  .   (no helmet)
rElec   +          Harm     .   r - +0 cloak
rCorr   .          Rampage  .   k - +0 pair of gloves
Will    ++...                   (no barding)
Stlth   ..........              K - amulet of faith
HPRegen 0.26/turn               m - ring of the Commoners {rN+ Int+6}
MPRegen 0.15/turn               E - ring of willpower

@: under a protective aura, very slow
A: AC +3, large, see invisible, deformed body, poison resistance, slowness 2,
spit poison 1, naga tail 1
a: Spit Poison, Renounce Religion, Heroism, Finesse, Duel


You were on level 10 of the Dungeon.
You worshipped Okawaru.
Okawaru was extremely pleased with you.
You visited 2 branches of the dungeon, and saw 11 of its levels.

You collected 589 gold pieces.
You spent 168 gold pieces at shops.

Inventory:

Hand Weapons
 f - a +2 halberd of venom
 C - a +2 trident of protection (weapon)
Missiles
 a - 4 throwing nets
 l - 16 poisoned darts
 p - 15 boomerangs
Armour
 b - a +0 scale mail
 c - a +0 buckler (worn)
 k - a +0 pair of gloves (worn)
 r - a +0 cloak (worn)
 u - the +15 plate armour of Odiriz (worn) {rElec rC+ Str+3}
   (You took it off an orc on level 4 of the Dungeon)

   Str:       It affects your strength (+3).
   rC:        It protects you from cold.
   rElec:     It insulates you from electricity.
Jewellery
 m - the ring of the Commoners (left hand) {rN+ Int+6}
   (You found it on level 3 of the Dungeon)

   [ring of intelligence]

   Int:       It affects your intelligence (+6).
   rN:        It protects you from negative energy.
 A - a ring of wizardry
 D - a +6 ring of intelligence
 E - a ring of willpower (right hand)
 K - an amulet of faith (around neck)
 L - a ring of resist corrosion
Wands
 x - a wand of polymorph (9)
 y - a wand of iceblast (2)
 z - a wand of paralysis (17)
 M - a wand of mindburst (3)
Scrolls
 g - a scroll of summoning
 h - a scroll of magic mapping
 i - 3 scrolls of fear
 j - 3 scrolls of vulnerability
 n - 3 scrolls of blinking
 q - 4 scrolls of immolation
 t - a scroll of brand weapon
 v - a scroll of enchant weapon
 B - a scroll of enchant armour {unknown}
 F - a scroll of noise {unknown}
 G - 2 scrolls of teleportation
 H - 2 scrolls of fog
 I - 2 scrolls of identify
 J - a scroll of torment {unknown}
Potions
 d - 2 potions of might
 e - 3 potions of curing
 o - 4 potions of mutation
 s - 5 potions of heal wounds
 w - a potion of cancellation
 N - 2 potions of lignification
 P - a potion of invisibility
 Q - a potion of brilliance {unknown}
Miscellaneous
 O - a piece from Xom's chessboard (15/15)


   Skills:
 - Level 6.0 Fighting
 - Level 9.0 Polearms
 - Level 10.0 Armour
 - Level 5.0 Shields
 * Level 8.9 Invocations


You had 10 spell levels left.
You didn't know any spells.
Your spell library contained the following spells:

 Spells                   Type           Power      Damage    Failure   Level
 Iskenderun's Battlesphe  Conj           0%         2d6       100%        5
 Iron Shot                Conj/Erth      0%         9d1       100%        6
 Spellforged Servitor     Conj/Summ      Unusable   N/A       N/A         7

Dungeon Overview and Level Annotations

Branches:
Dungeon (10/15)            Temple (1/1) D:5
   Lair: D:8-11         Orc: D:9-12

Altars:
Ashenzari
Cheibriados
Dithmenos
Elyvilon
Fedhas
Gozag
Hepliaklqana
Kikubaaqudgha
Makhleb
Okawaru
Qazlal
Trog
Uskayaw
Yredelemnul
Zin

Shops:
D:2 (?   D:3 (   D:9 *   D:10 **

Annotations:
D:3 3 runed translucent doors, duchin's ghost, weakling FeTm
D:10 Snorg


Innate Abilities, Weirdness & Mutations

Your serpentine skin is tough. (AC +3)
You have supernaturally acute eyesight. (SInv)
Armour fits poorly on your strangely shaped body.
Your system is resistant to poisons. (rPois)
You cover ground very slowly.
You can spit poison.
You have a snake-like lower body.


Message History

You are too injured to fight recklessly!
You puncture Snorg!
Snorg is severely wounded.
Snorg bites you but does no damage. Snorg barely misses you. Snorg claws you!
* * * LOW HITPOINT WARNING * * *
You are too injured to fight recklessly!
You puncture Snorg!
Snorg is almost dead.
Snorg bites you.
* * * LOW HITPOINT WARNING * * *
Snorg barely misses you. Snorg claws you but does no damage.
You puncture Snorg!
Snorg is almost dead.
Snorg bites you.
* * * LOW HITPOINT WARNING * * *
Snorg claws you but does no damage. x2; You block Snorg's attack.
Snorg claws you but does no damage. x2
You puncture Snorg!
Snorg is almost dead.
Snorg bites you but does no damage. Snorg claws you but does no damage.
Snorg closely misses you.
You hit Snorg.
Snorg is almost dead.
Snorg bites you.
* * * LOW HITPOINT WARNING * * *
Snorg closely misses you. Snorg claws you but does no damage.
Snorg barely misses you. Snorg completely misses you.
Snorg claws you but does no damage.
Unknown command.
Unknown command.
You hit Snorg.
Snorg is almost dead.
You block Snorg's attack. Snorg claws you but does no damage.
Snorg completely misses you.
You closely miss Snorg.
Snorg is almost dead.
Snorg bites you!
* * * LOW HITPOINT WARNING * * *
Snorg claws you.
You die...

..#..............######..#
..#.....########.........#
..#.....# #..#####..#
..#.....# #..'...# .
#.....# #..#...# #÷....+
#.)#...# #.....# #))#...#
###.....# #..#...#
........# #@.#...#
........# #T.#...#
........# #..#...#
........# #..#...#
###....)########..#####.
#...))†...............
#.....††..............
#..........>..........
#.............########


You could see Snorg (berserk).

Vanquished Creatures
  Harold (D:7)
  3 two-headed ogres
  An ugly thing (D:8)
  A manticore (D:8)
  A cyclops (D:7)
  A troll (D:9)
  A shadow (D:5)
  5 yaks (D:10)
  Sigmund (D:2)
  5 wraiths
  2 steam dragons
  Duvessa (D:6)
  2 water moccasins
  4 orc warriors
  3 ice beasts
  A sky beast (D:5)
  A black bear (D:6)
  2 necrophages (D:7)
  An ogre (D:6)
  A centaur (D:9)
  A phantom (D:7)
  3 bullfrogs
  A kobold brigand (D:8)
  2 gnoll sergeants
  A water moccasin skeleton (D:5)
  Dowan (D:6)
  15 killer bees
  5 wights
  3 howler monkeys
  2 centaur zombies
  3 jellies (D:5)
  7 hounds
  Crazy Yiuf (D:2)
  4 orc priests
  3 gnoll shamans
  Natasha (thrice) (D:2)
  4 iguanas
  7 orc wizards
  A hound zombie (D:5)
  Robin (D:2)
  2 howler monkey zombies
  21 gnolls
  12 adders
  A shadow imp (D:8)
  A white imp (D:6)
  4 ufetubi
  A worm (D:2)
  3 dart slugs
  45 orcs
  6 bats
  6 endoplasms
  4 giant cockroaches
  15 goblins
  11 hobgoblins
  9 jackals
  2 quokkas (D:3)
  4 ball pythons
  7 frilled lizards
  6 kobolds
  A quokka skeleton (D:4)
  9 rats
276 creatures vanquished.

Notes
Turn   | Place    | Note
-------+----------+-------------------------------------------
     0 | D:1      | MisterFreud the Naga Fighter began the quest for the Orb.
     0 | D:1      | Reached XP level 1. HP: 21/21 MP: 1/1
   426 | D:1      | Reached XP level 2. HP: 24/28 MP: 2/2
   966 | D:2      | Noticed Natasha
   977 | D:2      | Noticed a crimson imp
  1222 | D:2      | Killed Natasha
  1223 | D:2      | Reached XP level 3. HP: 30/34 MP: 3/3
  1269 | D:2      | Found Fisar's Magic Scroll Shop.
  1288 | D:2      | Reached XP level 4. HP: 39/42 MP: 4/4
  1318 | D:2      | Bought a scroll of teleportation for 42 gold pieces
  1318 | D:2      | Bought a scroll of identify for 28 gold pieces
  1385 | D:2      | Noticed Natasha
  1393 | D:2      | Killed Natasha
  1410 | D:2      | Noticed Natasha
  1419 | D:2      | Killed Natasha
  1420 | D:2      | Reached skill level 5 in Polearms
  1420 | D:2      | Reached XP level 5. HP: 13/49 MP: 5/5
  1650 | D:2      | You fall into a shaft and drop 1 floor!
  1718 | D:3      | HP: 2/49 [orc/+2 dagger of venom (4)]
  2047 | D:3      | Found Varphuaxo's Weapon Boutique.
  2177 | D:3      | Identified the ring of the Commoners {rN+ Int+6}
  2258 | D:2      | Found Kyracky's Weapon Shop.
  2356 | D:2      | Noticed Robin
  2370 | D:2      | Killed Robin
  2480 | D:2      | Noticed Sigmund
  2506 | D:2      | Killed Sigmund
  2507 | D:2      | Reached XP level 6. HP: 38/56 MP: 6/6
  2805 | D:2      | Found a runed translucent door.
  2806 | D:2      | Noticed Crazy Yiuf
  3082 | D:2      | Found a faded altar of an unknown god.
  3263 | D:2      | Killed Crazy Yiuf
  3507 | D:3      | Found a runed translucent gate.
  3508 | D:3      | Found a runed translucent gate.
  3509 | D:3      | Found a runed translucent gate.
  3512 | D:3      | Noticed duchin's ghost (weakling FeTm)
  3693 | D:4      | Identified the +15 plate armour of Odiriz {rElec rC+ Str+3}
  3782 | D:4      | Reached XP level 7. HP: 62/62 MP: 7/7
  4520 | D:4      | Reached skill level 3 in Armour
  4789 | D:5      | Entered Level 5 of the Dungeon
  4982 | D:5      | Reached skill level 4 in Armour
  5032 | D:5      | Found a staircase to the Ecumenical Temple.
  5086 | D:5      | Reached XP level 8. HP: 51/69 MP: 8/8
  5125 | Temple   | Entered the Ecumenical Temple
  5295 | Temple   | Became a worshipper of Warmaster Okawaru
  5391 | D:5      | Noticed a two-headed ogre
  5419 | D:5      | Killed a two-headed ogre
  5420 | D:5      | Reached skill level 6 in Armour
  5766 | D:5      | Noticed a shadow
  5773 | D:5      | Killed a shadow
  5774 | D:5      | Reached XP level 9. HP: 76/76 MP: 9/9
  5878 | D:6      | Noticed Duvessa
  5881 | D:6      | Noticed Dowan
  5887 | D:5      | Reached * piety under Okawaru
  6370 | D:6      | Reached skill level 1 in Invocations
  7316 | D:6      | Reached skill level 5 in Fighting
  7316 | D:6      | Reached skill level 7 in Armour
  7540 | D:6      | Killed Duvessa
  7544 | D:6      | Killed Dowan
  7889 | D:6      | Reached XP level 10. HP: 83/91 MP: 13/13
  8323 | D:7      | Reached ** piety under Okawaru
  8329 | D:7      | Noticed a cyclops
  8348 | D:7      | Killed a cyclops
  8349 | D:7      | Reached skill level 8 in Armour
  8414 | D:7      | Noticed Harold
  8446 | D:7      | Killed Harold
  8656 | D:7      | Noticed a two-headed ogre
  8674 | D:7      | Killed a two-headed ogre
  8674 | D:7      | Reached *** piety under Okawaru
  8675 | D:7      | Reached skill level 9 in Armour
  9493 | D:8      | Noticed a two-headed ogre
  9506 | D:8      | Killed a two-headed ogre
  9507 | D:8      | Reached skill level 10 in Armour
  9738 | D:8      | Reached **** piety under Okawaru
  9748 | D:8      | Noticed a green ugly thing
  9766 | D:8      | Killed a green ugly thing
  9767 | D:8      | Reached XP level 11. HP: 82/97 MP: 12/14
  9993 | D:8      | Noticed a manticore
 10007 | D:8      | Killed a manticore
 10008 | D:8      | Reached skill level 5 in Invocations
 11072 | D:9      | Reached skill level 5 in Shields
 11159 | D:10     | Entered Level 10 of the Dungeon
 11167 | D:10     | Found Isikof's Assorted Antiques.
 11342 | D:10     | Bought a scroll of fear for 98 gold pieces
 11374 | D:10     | Reached ***** piety under Okawaru
 11636 | D:10     | Found Zin's Purification Station.
 11636 | D:10     | Found a glowing silver altar of Zin.
 12043 | D:10     | Noticed Snorg
 12069 | D:10     | HP: 4/97 [Snorg (11)]
 12069 | D:10     | Slain by Snorg

Illustrated notes

Levels and vault maps discovered:
D:1:      minmay_arrival_three_doors, layout_loops_corners
D:2:      layout_basic, shapermc_ecumenical_altar_mp_vishouse, serial_shops,
          shop, nicolae_shop_window_shopping, st_stairs_11, uniq_robin,
          uniq_sigmund, uniq_natasha, uniq_crazy_yiuf_cottage
D:3:      minmay_inner_zag, layout_basic, gammafunk_ghost_nasty_kobolds,
          serial_shops, shop
D:4:      layout_basic, minmay_quadrilaterals
D:5:      layout_cave_pools, minmay_temple_entry_mist, corner_web_ring,
          minmay_misc_feat_enclosed, minmay_misc_feat_alley
D:6:      layout_cave_pools, serial_gnoll_camp, gnoll_camp_mini_house,
          gnoll_camp_mini_doghouse, gnoll_camp_medium_01,
          gnoll_camp_mini_loothouse, grunt_ministairs_2, minivault_26,
          minmay_puff, uniq_duvessa
D:7:      layout_basic, minivault_23, uniq_harold
D:8:      layout_loops_ring, serial_bayou_lagoon_b
D:9:      layout_rooms
D:10:     layout_irregular_city, zin_purify, serial_shops,
          nicolae_shop_statue_plus, minmay_fractal_squares_gapless_5,
          uniq_psyche, uniq_josephine, uniq_snorg
Temple:   mainiacjoe_temple_hex_bubbles

Skill      XL: |  1  2  3  4  5  6  7  8  9 10 11 |
---------------+----------------------------------+-----
Polearms       | 3 4 5 6 7 8 9 |  9.0
Armour         | 4 6 7 10 | 10.0
Shields        | 3 5 |  5.0
Fighting       | 5 6 |  6.0
Invocations    | 4 8 |  8.9

Action                   |  1- 3 |  4- 6 |  7- 9 | 10-12 || total
-------------------------+-------+-------+-------+-------++-------
Melee: Trident           |    38 |   193 |   482 |   556 ||  1269
Invok: Heroism           |       |       |     1 |     7 ||     8
 Abil: Spit Poison       |    15 |    40 |    29 |    20 ||   104
Evoke: Wand              |       |       |     2 |       ||     2
  Use: Scroll            |       |     2 |     8 |     5 ||    15
       Potion            |       |     2 |     1 |       ||     3
Armor: Scale mail        |    13 |    56 |     2 |       ||    71
       Plate armour      |       |       |   540 |   510 ||  1050
Dodge: Dodged            |    16 |    57 |   106 |   143 ||   322
Block: Buckler           |     4 |    34 |   130 |   164 ||   332
